 Dungeon Crawl Stone Soup version 0.28.0-43-g3370ac3207 (webtiles) character file.

Game seed: 2677722997423017408

384 Shangti the Ruffian (level 6, 0/60 (61) HPs)
             Began as a Troll Fighter on Mar 8, 2022.
             Slain by an ogre
             ... wielding a +0 giant spiked club
              (16 damage)
             ... on level 4 of the Dungeon on Mar 11, 2022.
             The game lasted 00:30:46 (4810 turns).

Shangti the Ruffian (Troll Fighter)                 Turns: 4810, Time: 00:30:46

HP:   0/60 (61)     AC:  0    Str: 27    XL:     6   Next: 47%
MP:   5/5           EV:  9    Int:  4    God:
Gold: 125           SH:  9    Dex: 12    Spells: 5/5 levels left

rFire   . . .      SeeInvis .   l - +2 dagger (venom)
rCold   . . .      Faith    .   b - +1 kite shield
rNeg    + . .      Spirit   .   q - +0 robe {Will+}
rPois   .          Reflect  .   (helmet restricted)
rElec   .          Harm     .   (no cloak)
rCorr   .          Rampage  .   (gloves unavailable)
Will    +....                   (boots unavailable)
Stlth   +.........              (no amulet)
HPRegen 1.00/turn               s - ring of positive energy
MPRegen 0.09/turn               r - ring of Cowardice {Wiz Dex+3}

@: corroded, lightly drained
A: large, unfitting armour, claws 3, regeneration 1, shaggy fur 1, tough skin 1
a: no special abilities


You were on level 4 of the Dungeon.
You visited 1 branch of the dungeon, and saw 5 of its levels.

You collected 125 gold pieces.

Inventory:

Hand Weapons
 h - a +0 flail
 l - a +2 dagger of venom (weapon)
 w - a +0 dagger of electrocution
 y - a +0 halberd
Missiles
 a - a boomerang of dispersal
 g - 2 boomerangs (quivered)
 u - 12 poisoned darts
Armour
 b - a +1 kite shield (worn)
 q - a +0 robe of willpower (worn)
Magical Staves
 o - a staff of cold
Jewellery
 r - the ring of Cowardice (right claw) {Wiz Dex+3}
   (You found it on level 4 of the Dungeon)

   [ring of wizardry]

   It improves your spell success rate.
   Dex:       It affects your dexterity (+3).
 s - a ring of positive energy (left claw)
Scrolls
 f - 2 scrolls of fog {unknown}
 p - a scroll of identify
 t - a scroll of fear {unknown}
 v - a scroll of magic mapping
 x - a scroll of teleportation {unknown}
Potions
 c - a potion of might
 d - a potion of heal wounds {unknown}
 e - 2 potions of flight
 i - a potion of degeneration {unknown}
 j - a potion of haste {unknown}
 k - a potion of magic {unknown}
 m - 2 potions of curing {unknown}
 n - a potion of cancellation {unknown}


   Skills:
 + Level 3.1 Fighting
 + Level 1.8 Short Blades
 + Level 3.4 Dodging
 + Level 0.3 Stealth
 + Level 3.3 Shields
 + Level 4.0 Unarmed Combat


You had 5 spell levels left.
You didn't know any spells.
Your spell library contained the following spells:

 Spells                   Type           Power      Damage    Failure   Level
 Shock                    Conj/Air       0%         1d3       45%         1
 Corpse Rot               Necr/Air       0%         N/A       58%         2
 Poisonous Vapours        Pois/Air       0%         N/A       58%         2
 Summon Guardian Golem    Hex/Summ       0%         N/A       82%         3
 Swiftness                Air            0%         N/A       82%         3
 Airstrike                Air            0%         N/A       99%         4
 Orb of Destruction       Conj           0%         9d5       100%        7
 Spellforged Servitor     Conj/Summ      0%         N/A       100%        7


Dungeon Overview and Level Annotations

Branches:
Dungeon (5/15)
 Temple: D:4-7

Altars:
Hepliaklqana


Innate Abilities, Weirdness & Mutations

You are too large for most types of armour.
You have claws for hands.
Your natural rate of healing is unusually fast.
You are covered in fur. (AC +1)
You have tough skin. (AC +1)


Message History

There is a stone staircase leading down here.
Done exploring.
Done exploring.
There is an escape hatch in the floor here.
You slide downwards.
The hatch slams shut behind you.
Found three items.
Found a stone staircase leading up.
The ogre shouts!
A necrophage comes into view.
A jelly comes into view.
Found 5 gold pieces.
The ogre barely misses you.
Found a mace.
You see here a red potion.
The bullfrog skeleton barely misses you.
You block the ogre's attack.
The bullfrog skeleton completely misses you.
The bullfrog skeleton hits you but does no damage.
The ogre barely misses you.
There is a stone staircase leading up here.
The bullfrog skeleton hits you.
The ogre hits you with a +0 giant spiked club!
The ogre hits you with a +0 giant spiked club.
The jelly hits you.
You are splashed with acid!
There is a stone staircase leading up here.
The necrophage hits you. The jelly completely misses you.
You climb upwards.
There is a stone staircase leading down here.
You hit the jelly.
Your claws burn!
The jelly is heavily wounded.
The necrophage hits you. You partially resist.
You feel drained. The ogre barely misses you. The jelly barely misses you.
The necrophage hits you!
You hit the jelly. The acid corrodes you!
Your claws burn!
The jelly is heavily wounded.
The ogre closely misses you. The jelly hits you.
You are splashed with acid!
* * * LOW HITPOINT WARNING * * *
You block the necrophage's attack.
You hit the jelly.
Your claws burn!
* * * LOW HITPOINT WARNING * * *
The jelly is severely wounded.
The ogre hits you with a +0 giant spiked club!
You die...

#..###.##...............#####
#.#.#.###...............#
#.##.## #.......#...#####
#.#### ####.######## #...#
#.# ###.# #.# #.# #.# #.# #J#
#.# #####@# ## #.# #...nO# #.
#.# #.##### #. #.# #.# #. #.#
#.# #) #.# #.# #. #.# #.# #.
#.# #.# #. #.# #.######## ##.


You could see an ogre, a necrophage and a jelly.

Vanquished Creatures
  A gnoll shaman (D:4)
  An orc priest (D:2)
  A centaur skeleton (D:4)
  An iguana (D:4)
  2 orc wizards
  Terence (D:3)
  5 gnolls (D:4)
  5 adders
  An adder skeleton (D:4)
  2 worms
  A dart slug (D:2)
  11 orcs
  7 ball pythons
  7 endoplasms
  3 giant cockroaches
  7 goblins
  7 hobgoblins
  2 jackals (D:1)
  2 quokkas (D:1)
  4 bats
  2 frilled lizards (D:1)
  10 kobolds
  7 rats
90 creatures vanquished.

Notes
Turn   | Place    | Note
-------+----------+-------------------------------------------
     0 | D:1      | Shangti the Troll Fighter began the quest for the Orb.
     0 | D:1      | Reached XP level 1. HP: 22/22 MP: 0/0
    68 | D:1      | Reached XP level 2. HP: 26/29 MP: 1/1
   369 | D:1      | Reached XP level 3. HP: 36/36 MP: 2/2
   962 | D:2      | Reached skill level 3 in Unarmed Combat
  1045 | D:2      | Reached XP level 4. HP: 18/44 MP: 3/3
  1697 | D:2      | Found a faded altar of an unknown god.
  2526 | D:3      | Reached XP level 5. HP: 52/52 MP: 4/4
  2765 | D:3      | Noticed Terence
  2770 | D:3      | Killed Terence
  3501 | D:4      | Identified the ring of Cowardice {Wiz Dex+3}
  3565 | D:4      | Reached skill level 4 in Unarmed Combat
  3780 | D:4      | Reached skill level 1 in Short Blades
  3840 | D:4      | Found a hazy altar of Hepliaklqana.
  3860 | D:4      | Reached XP level 6. HP: 23/61 MP: 5/5
  4791 | D:5      | Entered Level 5 of the Dungeon
  4810 | D:4      | Slain by an ogre

Illustrated notes

Levels and vault maps discovered:
D:1:      scummos_arrival_forest, layout_rooms
D:2:      layout_basic, shapermc_ecumenical_altar_mp_highgroup,
          hex_intersection, eino_tiny_chamber
D:3:      layout_basic, uniq_terence
D:4:      layout_loops_ring, nzn_hepliaklqana_mist_gate
D:5:      old_forge, layout_basic, uniq_crazy_yiuf_cottage

Skill      XL: |  1  2  3  4  5 |
---------------+----------------+-----
Unarmed Combat | 3 4 |  4.0
Dodging        | 3 |  3.4
Shields        | 3 |  3.3
Fighting       | 3 |  3.1
Short Blades   | 1 |  1.8
Stealth        | |  0.3

Action                   |  1- 3 |  4- 6 || total
-------------------------+-------+-------++-------
Melee: Unarmed           |   143 |     9 ||   152
       Dagger            |       |   147 ||   147
  Use: Scroll            |       |     5 ||     5
 Stab: Sleeping          |     1 |       ||     1
Armor: Robe              |    34 |    41 ||    75
Dodge: Dodged            |    41 |    51 ||    92
Block: Kite shield       |    40 |    59 ||    99
